 Dungeon Crawl Stone Soup version 0.27.1-34-g3ba077fa99 (webtiles) character file.

Game seed: 8517680039937670436

1701 Ijustatesigmund the Basher (level 9, -3/59 HPs)
             Began as a Gargoyle Fighter on Jan 28, 2022.
             Was an Initiate of Cheibriados.
             Killed by nerve-wracking pain
             ... invoked by Menkaure
              (4 damage)
             ... on level 7 of the Dungeon.
             The game lasted 00:08:19 (7245 turns).

Ijustatesigmund the Basher (Gargoyle Fighter)       Turns: 7245, Time: 00:08:20

Health: -3/59      AC: 18    Str: 23    XL:     9   Next: 3%
Magic:  12/12      EV:  5    Int: 11    God:    Cheibriados [......]
Gold:   409        SH:  9    Dex: 10    Spells: 8/8 levels left

rFire    . . .     SeeInvis .   a - +0 morningstar
rCold    . . .     Faith    .   c - +0 kite shield
rNeg     + . .     Spirit   .   b - +0 chain mail
rPois    ∞         Reflect  .   o - +1 hat
rElec    +         Harm     .   i - +1 cloak
rCorr    .         Rampage  .   (no gloves)
Will     .....                  (no boots)
Stlth    ..........             (no amulet)
HPRegen  0.19/turn              (no ring)
MPRegen  0.13/turn              (no ring)

@: very slow
A: sickness immunity, AC +6, negative energy resistance 1, electricity
resistance, torment resistance 1, petrification resistance
a: Renounce Religion, Bend Time


You were on level 7 of the Dungeon.
You worshipped Cheibriados.
Cheibriados was noncommittal.
You visited 2 branches of the dungeon, and saw 8 of its levels.

You collected 409 gold pieces.

Inventory:

Hand Weapons
 a - a +0 morningstar (weapon)
Armour
 b - a +0 chain mail (worn)
 c - a +0 kite shield (worn)
 i - a +1 cloak (worn)
 o - a +1 hat (worn)
Wands
 j - a wand of flame (21)
 k - a wand of acid (9)
 r - a wand of polymorph (8)
Scrolls
 d - a scroll of vulnerability {unknown}
 n - a scroll of silence
 q - a scroll of fear
Potions
 f - 2 potions of flight
 g - a potion of curing
 h - a potion of invisibility {unknown}
 l - 2 potions of lignification {unknown}
 m - 2 potions of degeneration {unknown}
 p - a potion of magic {unknown}


   Skills:
 + Level 7.9 Fighting
 + Level 8.0 Maces & Flails
 - Level 3.2 Armour
 - Level 3.2 Shields
 + Level 4.7 Invocations


You had 8 spell levels left.
You didn't know any spells.
Your spell library contained the following spells:

 Spells                   Type           Power      Damage    Failure   Level
 Corpse Rot               Necr/Air       N/A        N/A       100%        2
 Poisonous Vapours        Pois/Air       0%         N/A       100%        2
 Slow                     Hex            0%         N/A       100%        2
 Confusing Touch          Hex            0%         N/A       100%        3
 Dazzling Flash           Conj/Hex       0%         N/A       100%        3
 Gell's Gravitas          Tloc           0%         N/A       100%        3
 Teleport Other           Tloc           0%         N/A       100%        3
 Vampiric Draining        Necr           0%         2d6       100%        3
 Agony                    Necr           0%         N/A       100%        5
 Fireball                 Conj/Fire      0%         3d3       100%        5
 Freezing Cloud           Conj/Ice/Air   0%         6-21      100%        5
 Silence                  Hex/Air        0%         N/A       100%        5
 Dispersal                Tloc           0%         N/A       100%        6
 Starburst                Conj/Fire      0%         6d3       100%        6
 Ignition                 Fire           0%         3d3       100%        8


Dungeon Overview and Level Annotations

Branches:
Dungeon (7/15)             Temple (1/1) D:4

Altars:
Ashenzari
Cheibriados
Dithmenos
Elyvilon
Hepliaklqana
Kikubaaqudgha
Makhleb
Nemelex Xobeh
Okawaru
Qazlal
Ru
Trog
Uskayaw
Vehumet
Wu Jian
Yredelemnul
Zin
The Shining One

Annotations:
D:5 1 transporter, hitsuchi's ghost, novice PaAK
D:7 Menkaure


Innate Abilities, Weirdness & Mutations

You are immune to sickness and miasma.
Your stone body is resilient. (AC +6)
You are immune to poison.
You resist negative energy. (rN+)
You are resistant to electric shocks. (rElec)
You are resistant to unholy torment.
You are immune to petrification.


Message History

You are engulfed in a cloud of scalding steam.
You block Menkaure's attack.
You sock Menkaure!
Menkaure is moderately damaged.
You are engulfed in a cloud of scalding steam.
Menkaure hits you! Menkaure hits you but does no damage.
You hit Menkaure but do no damage.
Menkaure is moderately damaged.
Menkaure hits you!
You hit Menkaure.
Menkaure is severely damaged.
You are engulfed in a cloud of scalding steam.
Menkaure blazes with dark energy!
Menkaure hits you!
* * * LOW HITPOINT WARNING * * *
You block Menkaure's attack.
You feel better. Menkaure hits you.
* * * LOW HITPOINT WARNING * * *
You hit Menkaure.
Menkaure is almost destroyed.
Menkaure calls on the powers of darkness!
Your body is wracked with pain!
* * * LOW HITPOINT WARNING * * *
Menkaure hits you.
* * * LOW HITPOINT WARNING * * *
You closely miss Menkaure.
Menkaure is almost destroyed.
Menkaure barely misses you.
You completely miss Menkaure.
Menkaure is almost destroyed.
Menkaure gestures at you while chanting.
Pain shoots through your body!
* * * LOW HITPOINT WARNING * * *
You block Menkaure's attack.
You barely miss Menkaure.
Menkaure is almost destroyed.
You block Menkaure's attack.
Menkaure gestures at you while chanting.
Pain shoots through your body!
You die...

####.#........#
#....#........#
..............#
.............#
#...........##
+.............
#........#
##.##M#### #.@#
#######..#
#.#...#>.#
#.#.#.#..#
#.....#..#
#...#....##..
#.#.#......... #
#.............
#.#.####.........


You could see Menkaure (fast).

Vanquished Creatures
  Sigmund (D:6)
  The ghost of Stajl the Poker, an amateur MiFi (D:3)
  A steam dragon (D:7)
  An acid dragon (D:6)
  A water moccasin (D:5)
  A black bear (D:4)
  A necrophage (D:5)
  2 ogres
  A centaur (D:5)
  A bullfrog (D:6)
  A scorpion (D:4)
  2 water moccasin skeletons
  A howler monkey (D:7)
  A bullfrog zombie (D:6)
  A centaur skeleton (D:6)
  2 hounds
  3 iguanas
  2 orc wizards (D:6)
  8 adders
  3 ufetubi
  An adder skeleton (D:4)
  3 worms (D:2)
  4 dart slugs
  10 orcs
  6 ball pythons
  13 endoplasms
  6 giant cockroaches
  8 goblins
  4 hobgoblins
  4 jackals (D:2)
  5 quokkas
  4 bats
  2 frilled lizards (D:2)
  5 kobolds
  4 rats
114 creatures vanquished.

Notes
Turn   | Place    | Note
-------+----------+-------------------------------------------
     0 | D:1      | Ijustatesigmund the Gargoyle Fighter began the quest for
                  | the Orb.
     0 | D:1      | Reached XP level 1. HP: 14/14 MP: 1/1
    34 | D:1      | Found a faded altar of an unknown god.
   269 | D:1      | Reached XP level 2. HP: 19/19 MP: 2/2
   782 | D:1      | Reached skill level 3 in Maces & Flails
   782 | D:1      | Reached XP level 3. HP: 24/24 MP: 3/3
  1528 | D:2      | Reached XP level 4. HP: 29/29 MP: 4/4
  1861 | D:2      | Reached skill level 4 in Maces & Flails
  2622 | D:3      | Reached XP level 5. HP: 31/34 MP: 5/5
  2646 | D:3      | Found a shadowy altar of Dithmenos.
  3044 | D:3      | Noticed Stajl's ghost (amateur MiFi)
  3045 | D:3      | Found a runed translucent door.
  3065 | D:3      | Killed Stajl's ghost
  3066 | D:3      | Reached skill level 5 in Fighting
  3066 | D:3      | Reached skill level 5 in Maces & Flails
  3066 | D:3      | Reached XP level 6. HP: 23/40 MP: 6/6
  3827 | D:4      | Found a sparkling altar of Nemelex Xobeh.
  3955 | D:4      | Reached skill level 6 in Maces & Flails
  3955 | D:4      | Reached XP level 7. HP: 36/44 MP: 7/7
  4229 | D:4      | Found a hide-covered altar of Uskayaw.
  4317 | D:4      | Found a basalt altar of Yredelemnul.
  4755 | D:4      | Found a staircase to the Ecumenical Temple.
  4957 | Temple   | Entered the Ecumenical Temple
  5161 | Temple   | Became a worshipper of Cheibriados the Contemplative
  5235 | D:5      | Entered Level 5 of the Dungeon
  5240 | D:5      | Reached skill level 1 in Invocations
  5543 | D:5      | Reached skill level 7 in Maces & Flails
  5543 | D:5      | Reached XP level 8. HP: 46/52 MP: 9/9
  5584 | D:5      | Noticed hitsuchi's ghost (novice PaAK)
  5584 | D:5      | Identified the +2 great mace "Fuxoikhu" {holy, rElec rN+
                  | Str-5}
  5585 | D:5      | Found a transporter.
  6564 | D:6      | Noticed Sigmund
  6580 | D:6      | Killed Sigmund
  7214 | D:7      | Noticed Menkaure
  7224 | D:7      | Reached skill level 8 in Maces & Flails
  7237 | D:7      | Reached XP level 9. HP: 52/59 MP: 12/12
  7244 | D:7      | HP: 1/59 [Menkaure/nerve-wracking pain (6)]
  7245 | D:7      | Killed from afar by Menkaure

Illustrated notes

Levels and vault maps discovered:
D:1:      saegor_arrival_simple_c, layout_basic,
          hellmonk_ecumenical_altar_heavens_door, minivault_14,
          amcnicky_mini_corridor_feature
D:2:      layout_basic, grunt_ministairs_6, st_stairs_4
D:3:      layout_rooms, old_standard_altar, ebering_ghost_sewer_d, nrook_uturn,
          chequers_hall_statues_y
D:4:      layout_loops_corners, nemelex_dance_club_becter,
          mainiacjoe_overflow_catch_the_wave,
          minmay_temple_entry_enclosed_plants, st_stairs_12
D:5:      layout_gridville, gammafunk_ghost_smash
D:6:      layout_basic, minivault_19, roderic_cross_of_infinity,
          kennysheep_cross_room, kennysheep_nub,
          minmay_a_box_with_orc_wizards_in_it, uniq_sigmund
D:7:      nzn_winding_woodlands_large [nzn_winding_woodlands_5x5_three,
          nzn_winding_woodlands_5x15_eye, nzn_winding_woodlands_hourglass,
          nzn_winding_woodlands_center_diamonds,
          nzn_winding_woodlands_15x15_five_gardens,
          nzn_winding_woodlands_center_triple_pond,
          nzn_winding_woodlands_5x5_perimeter,
          nzn_winding_woodlands_5x15_pathside_ponds,
          nzn_winding_woodlands_5x5_default], layout_basic, minmay_liquid_box,
          uniq_menkaure
Temple:   eino_temple_water

Skill      XL: |  1  2  3  4  5  6  7  8 |
---------------+-------------------------+-----
Maces & Flails | 3 4 5 6 7 8 |  8.0
Fighting       | 4 5 6 7 |  7.9
Invocations    | 2 4 |  4.7
Armour         | |  3.2
Shields        | |  3.2

Action                   |  1- 3 |  4- 6 |  7- 9 || total
-------------------------+-------+-------+-------++-------
Melee: Flail             |   132 |    89 |       ||   221
       Morningstar       |       |    57 |   174 ||   231
  Use: Scroll            |     1 |     2 |     7 ||    10
       Potion            |       |       |     6 ||     6
Armor: Scale mail        |    76 |    85 |    51 ||   212
       Chain mail        |       |       |    86 ||    86
Dodge: Dodged            |    50 |    46 |    68 ||   164
Block: Kite shield       |    70 |    71 |    99 ||   240
